 Dungeon Crawl Stone Soup version 0.30-a0-591-g3c58d2bc28 (webtiles) character file.

Game seed: 16940885189847306857

14623 drewk1942 the Geomancer (level 12, 0/59 HPs)
             Began as a Gargoyle Earth Elementalist on Jan 5, 2023.
             Was an Initiate of Gozag.
             Slain by Saint Roka
             ... wielding a +3 war axe
              (20 damage)
             ... on level 1 of the Orcish Mines.
             The game lasted 00:39:51 (15018 turns).

drewk1942 the Geomancer (GrEE)                     Turns: 15018, Time: 00:39:51

Health: 0/59       AC: 25    Str: 11    XL:     12   Next: 18%
Magic:  5/24       EV: 13    Int: 25    God:    Gozag
Gold:   901        SH:  0    Dex:  9    Spells: 8/27 levels left

rFire   + . .      SeeInvis .    V - +2 mace (protect)
rCold   + . .      Faith    .    (no shield)
rNeg    + . .      Spirit   .    F - +2 robe {rC+ rF+}
rPois   ∞          Reflect  .    (no helmet)
rElec   +          Harm     .    (no cloak)
rCorr   .          Rampage  .    z - +0 pair of gloves
Will    .....                    h - +1 pair of boots
Stlth   ++                       (no amulet)
HPRegen 0.29/turn                C - +4 ring of protection
MPRegen 0.19/turn                y - +4 ring of protection

@: freezing walls
A: sickness immunity, AC +8, negative energy resistance 1, electricity
resistance, torment resistance 1, petrification resistance, iridescent scales 1,
clever 1
a: Renounce Religion, Potion Petition, Call Merchant, Bribe Branch


You were on level 1 of the Orcish Mines.
You worshipped Gozag.
Gozag was pleased with you.
You visited 2 branches of the dungeon, and saw 13 of its levels.
You also visited: Sewer and Bailey.

You collected 4026 gold pieces.
You spent 1878 gold pieces at shops.
You paid 1247 gold pieces to Gozag.

Inventory:

Hand Weapons
 i - a +1 dagger of freezing
 w - a +2 heavy flail
 U - a +4 dagger
 V - a +2 mace of protection (weapon)
Missiles
 p - 46 poisoned darts
 D - 8 datura-tipped darts
 J - 23 boomerangs
 K - 3 curare-tipped darts
Armour
 a - a +0 robe
 h - a +1 pair of boots (worn)
 n - a +0 buckler
 o - a +3 scale mail of fire resistance
 z - a +0 pair of gloves (worn)
 E - the +0 robe "Heddesin" {rF+ Int+4 Stlth+}
   (You found it in a bailey)

   Int:       It affects your intelligence (+4).
   rF:        It protects you from fire.
   Stlth:     It makes you more stealthy.
 F - a +2 robe of resistance (worn)
Jewellery
 m - a +4 ring of slaying
 y - a +4 ring of protection (right hand)
 C - a +4 ring of protection (left hand)
 I - a +6 ring of strength
 P - a ring of protection from cold
 S - a ring of protection from cold
Wands
 t - a wand of flame (26)
 B - a wand of acid (10)
 G - a wand of polymorph (10)
 Q - a wand of iceblast (7)
Scrolls
 c - 2 scrolls of enchant armour
 d - 3 scrolls of blinking
 k - 6 scrolls of identify
 q - 2 scrolls of amnesia
 r - 2 scrolls of fear
 s - 10 scrolls of teleportation
 u - 2 scrolls of noise
 A - a scroll of silence
 L - 3 scrolls of fog {unknown}
 M - 2 scrolls of immolation {unknown}
 R - a scroll of poison
Potions
 b - 7 potions of magic
 e - 3 potions of might
 f - 4 potions of brilliance
 g - a potion of heal wounds
 j - 4 potions of curing
 l - 2 potions of flight
 v - a potion of haste
 H - 5 potions of mutation
 N - a potion of ambrosia
 O - a potion of lignification
Miscellaneous
 x - a tin of tremorstones (inert)
 T - a condenser vane


   Skills:
 + Level 6.4 Dodging
 - Level 2.1 Stealth
 + Level 8.1 Spellcasting
 + Level 7.1 Conjurations
 + Level 5.6 Hexes
 + Level 1.9 Necromancy
 + Level 7.1 Transmutations
 * Level 4.5 Ice Magic
 + Level 10.6 Earth Magic


You had 8 spell levels left.
You knew the following spells:

 Your Spells              Type           Power      Damage    Failure   Level
a - Sandblast             Erth           100%       2d20      1%          1
b - Stone Arrow           Conj/Erth      100%       3d13      1%          3
c - Petrify               Tmut/Erth      53%        N/A       1%          4
d - Tukima's Dance        Hex            38%        N/A       1%          3
e - Frozen Ramparts       Ice            66%        1d10      2%          3
f - Borgnjor's Vile Clut  Necr/Erth      20%        N/A       13%         5

Your spell library contained the following spells:

 Spells                   Type           Power      Damage    Failure   Level
 Beastly Appendage        Tmut           90%        N/A       1%          1
 Sting                    Tmut/Pois      100%       1d8       1%          1
 Passwall                 Tmut/Erth      44%        N/A       1%          2
 Ozocubu's Armour         Ice            33%        N/A       2%          3
 Leda's Liquefaction      Hex/Erth       25%        N/A       2%          4
 Spider Form              Tmut/Pois      27%        N/A       4%          3
 Inner Flame              Hex/Fire       24%        N/A       5%          3
 Portal Projectile        Hex/Tloc       48%        N/A       5%          3
 Ice Form                 Ice/Tmut       39%        N/A       5%          4
 Yara's Violent Unravell  Hex/Tmut       21%        3d10      12%         5
 Anguish                  Hex/Necr       14%        N/A       13%         4
 Flame Wave               Conj/Fire      28%        2d9       14%         4
 Sticky Flame             Conj/Fire      28%        2d5       14%         4
 Call Canine Familiar     Summ           10%        N/A       19%         3
 Summon Ice Beast         Ice/Summ       21%        N/A       24%         4
 Olgreb's Toxic Radiance  Pois           10%        N/A       52%         4
 Passage of Golubria      Tloc           10%        N/A       52%         4
 Death Channel            Necr           9%         N/A       99%         6
 Enfeeble                 Hex            19%        N/A       99%         7
 Malign Gateway           Summ/Tloc      5%         N/A       100%        7
 Ozocubu's Refrigeration  Ice            16%        4d11      100%        7
 Ignition                 Fire           5%         3d4       100%        8
 Animate Dead             Necr           Unusable   N/A       N/A         4

Dungeon Overview and Level Annotations

Branches:
Dungeon (11/15)            Temple (0/1) D:5            Lair (0/5) D:8
    Orc (2/2) D:9           Sewer (visited)          Bailey (visited)
    Elf: Orc:2

Altars:
Dithmenos
Fedhas
Gozag
Kikubaaqudgha
Nemelex Xobeh
Okawaru
Ru
Uskayaw
Vehumet
Wu Jian
Xom
Yredelemnul
Zin
The Shining One

Shops:
D:7 *   D:9 ?

Annotations:
Orc:1 Saint Roka


Innate Abilities, Weirdness & Mutations

You are immune to sickness and miasma.
Your stone body is resilient. (AC +8)
You are immune to poison.
You resist negative energy. (rN+)
You are resistant to electric shocks. (rElec)
You are resistant to unholy torment.
You are immune to petrification.
You are partially covered in iridescent scales. (AC +2)
Your mind is acute. (Int +4, Str/Dex -1)


Message History

Beogh smites you!
Casting: Frozen Ramparts (dangerous; 2% risk of failure)
Confirm with . or Enter, or press ? or * to list all spells.
Aiming: Stone Arrow (safe; 1% risk of failure)
Press: ? - help, Shift-Dir - straight line, f - orc warrior
Aim: an orc warrior, wearing a +0 plate armour (moderately wounded, strong, 78% to hit)
Okay, then.
As you read the scroll of fear, it crumbles to dust.
You assume a fearsome visage.
The orc warrior looks frightened!
Saint Roka looks frightened!
The wall freezes Saint Roka but does no damage.
Casting: Stone Arrow (safe; 1% risk of failure)
Confirm with . or Enter, or press ? or * to list all spells.
Aiming: Stone Arrow (safe; 1% risk of failure)
Press: ? - help, Shift-Dir - straight line, f - Saint Roka
Aim: Saint Roka, wielding a +3 war axe and wearing a +0 chain mail (lightly wounded, fleeing, 84% to hit)
The stone arrow hits Saint Roka!!
Saint Roka is lightly wounded.
Your attack snaps Saint Roka out of their fear.
The wall freezes Saint Roka.
Saint Roka invokes the aid of Beogh against you.
Beogh smites you!
Casting: Stone Arrow (safe; 1% risk of failure)
Confirm with . or Enter, or press ? or * to list all spells.
Aiming: Stone Arrow (safe; 1% risk of failure)
Press: ? - help, Shift-Dir - straight line, f/p - Saint Roka
Aim: Saint Roka, wielding a +3 war axe and wearing a +0 chain mail (lightly wounded, 84% to hit)
The stone arrow hits Saint Roka!!
Saint Roka is moderately wounded.
The wall freezes Saint Roka but does no damage.
Casting: Stone Arrow (safe; 1% risk of failure)
Confirm with . or Enter, or press ? or * to list all spells.
Aiming: Stone Arrow (safe; 1% risk of failure)
Press: ? - help, Shift-Dir - straight line, f/p - Saint Roka
Aim: Saint Roka, wielding a +3 war axe and wearing a +0 chain mail (moderately wounded, 84% to hit)
The stone arrow hits Saint Roka!!
Saint Roka is moderately wounded.
Saint Roka hits you with a +3 war axe!!
You die...
Your body crumbles into a pile of gold.

#.#.#.#..............##.....#####
##...##...............##..[..##..
........................#.[......
............................)...#
..##.......................)....#
..####...........................
.### #..........)................
...###.........[[[....#.........#
....<.#.#......o@[...o...........
.......#.......)[)[[.....##.....#
#.##..###.#.###...#.#.#######..##
####### ##### ######### ####


You could see Saint Roka and an orc warrior (strong, fleeing).

Vanquished Creatures
  3 death yaks (D:7)
  Pikel (D:4)
  An ugly thing (D:11)
  Joseph (D:9)
  An unseen horror (D:10)
  Maggie (D:7)
  A kobold demonologist (D:10)
  6 trolls
  A shadow (D:10)
  7 yaks
  2 vampires
  A basilisk (D:11)
  2 steam dragons (D:7)
  Menkaure (D:4)
  2 wargs
  An acid dragon (D:10)
  Edmund (D:6)
  A water moccasin (D:7)
  13 orc warriors
  A black bear (D:7)
  3 ice beasts
  4 sky beasts
  3 ogres
  7 centaurs
  A phantom (D:6)
  9 kobold brigands
  A gnoll sergeant (D:11)
  2 bullfrogs (Sewer)
  A necrophage (D:4)
  2 scorpions (D:7)
  9 wights
  9 killer bees
  8 howler monkeys
  8 electric eels
  A gnoll bouda (D:7)
  3 hounds
  2 jellies (D:7)
  8 orc priests
  Jessica (D:3)
  An iguana (D:4)
  15 orc wizards
  5 hell rats
  12 gnolls
  15 adders
  An ufetubus (D:4)
  4 worms
  3 dart slugs
  56 orcs
  13 ball pythons
  22 endoplasms
  7 giant cockroaches
  15 goblins
  5 hobgoblins
  15 quokkas
  5 bats
  6 frilled lizards
  29 kobolds
  6 rats
365 creatures vanquished.

Vanquished Creatures (collateral kills)
  An orc sorcerer (Orc:1)
  2 orc warriors (Orc:1)
3 creatures vanquished.

Vanquished Creatures (others)
  2 dancing weapons
  An orc warrior (Bailey)
  6 fungi (D:4)
  7 plants
16 creatures vanquished.

Grand Total: 384 creatures vanquished

Notes
Turn   | Place    | Note
-------+----------+-------------------------------------------
     0 | D:1      | drewk1942 the Gargoyle Earth Elementalist began the quest
                  | for the Orb.
     0 | D:1      | Reached XP level 1. HP: 10/10 MP: 3/3
    74 | D:1      | Reached skill level 1 in Transmutations
   207 | D:1      | Reached XP level 2. HP: 15/15 MP: 3/5
   636 | D:1      | Reached XP level 3. HP: 14/19 MP: 0/6
   761 | D:1      | Reached skill level 4 in Earth Magic
  1180 | D:2      | Found a glowing golden altar of the Shining One.
  1650 | D:2      | Reached XP level 4. HP: 22/24 MP: 8/8
  2233 | D:3      | Noticed Jessica
  2237 | D:3      | Killed Jessica
  2443 | D:3      | Noticed an ice beast
  2449 | D:3      | Reached XP level 5. HP: 28/28 MP: 5/9
  2460 | D:3      | Killed an ice beast
  2555 | D:3      | Reached XP level 6. HP: 32/32 MP: 9/11
  2588 | D:3      | Reached skill level 5 in Earth Magic
  2729 | D:3      | Found an opulent altar of Gozag.
  2799 | D:3      | Became a worshipper of Gozag Ym Sagoz the Greedy
  2883 | D:3      | Found a faded altar of an unknown god.
  3126 | D:4      | Found a shimmering altar of Xom.
  3139 | D:4      | Found a shimmering altar of Xom.
  3139 | D:4      | Found a shimmering altar of Xom.
  3141 | D:4      | Found a shimmering altar of Xom.
  3142 | D:4      | Found a shimmering altar of Xom.
  3211 | D:4      | Found a shadowy altar of Dithmenos.
  3223 | D:4      | Noticed Pikel
  3234 | D:4      | Killed Pikel
  3235 | D:4      | Reached skill level 6 in Earth Magic
  3235 | D:4      | Reached XP level 7. HP: 7/36 MP: 5/13
  3439 | D:4      | Noticed Menkaure
  3446 | D:4      | Killed Menkaure
  3447 | D:4      | Reached XP level 8. HP: 29/41 MP: 9/15
  3510 | D:4      | Learned a level 3 spell: Stone Arrow
  3515 | D:4      | Learned a level 4 spell: Petrify
  3812 | D:4      | Found a sacrificial altar of Ru.
  4184 | D:4      | Reached skill level 5 in Spellcasting
  4260 | D:5      | Entered Level 5 of the Dungeon
  4265 | D:5      | Gained mutation: You are partially covered in iridescent
                  | scales. (AC +2) [potion of mutation]
  4265 | D:5      | Gained mutation: Your mind is acute. (Int +4, Str/Dex -1)
                  | [potion of mutation]
  4339 | D:5      | Found a glowing drain.
  4346 | Sewer    | Entered a sewer
  4402 | Sewer    | Reached skill level 7 in Earth Magic
  4819 | Sewer    | Reached skill level 1 in Conjurations
  4824 | Sewer    | Got the Guide on Portals and the Shapeshifter
  5003 | D:5      | Found a staircase to the Ecumenical Temple.
  5255 | D:5      | Found an ancient bone altar of Kikubaaqudgha.
  5376 | D:5      | Learned a level 3 spell: Tukima's Dance
  6047 | D:6      | Reached XP level 9. HP: 45/45 MP: 14/17
  6153 | D:6      | Noticed Edmund
  6153 | D:6      | Noticed a troll
  6159 | D:6      | Killed Edmund
  6160 | D:6      | Reached skill level 1 in Hexes
  6163 | D:6      | Killed a troll
  6164 | D:6      | Reached skill level 5 in Transmutations
  6422 | D:6      | Reached skill level 8 in Earth Magic
  6579 | D:6      | Found an ornate altar of the Wu Jian Council.
  7150 | D:7      | Found a glowing silver altar of Zin.
  7179 | D:7      | Noticed Maggie
  7187 | D:7      | Killed Maggie
  7188 | D:7      | Reached XP level 10. HP: 34/50 MP: 14/19
  7358 | D:7      | Found a hide-covered altar of Uskayaw.
  7676 | D:7      | Found an iron altar of Okawaru.
  7865 | D:7      | Found a basalt altar of Yredelemnul.
  7979 | D:8      | Noticed a death yak
  7985 | D:8      | Noticed a death yak
  7987 | D:8      | Noticed a death yak
  7997 | D:7      | Killed a death yak
  7998 | D:7      | Reached skill level 5 in Dodging
  7998 | D:7      | Reached skill level 9 in Earth Magic
  8267 | D:7      | Bought a runed robe for 118 gold pieces
  8267 | D:7      | Bought a murky grey potion for 28 gold pieces
  8330 | D:7      | Killed a death yak
  8331 | D:7      | Reached skill level 5 in Conjurations
  8505 | D:7      | Killed a death yak
  8646 | D:8      | Found a staircase to the Lair.
  8691 | D:8      | Found a sparkling altar of Nemelex Xobeh.
  8708 | D:8      | Found a blossoming altar of Fedhas.
  9038 | D:8      | Reached XP level 11. HP: 54/54 MP: 13/21
  9655 | D:8      | Found a radiant altar of Vehumet.
  9891 | D:9      | Noticed Joseph
  9903 | D:9      | Killed Joseph
 10077 | D:9      | Found a flagged portal.
 10088 | Bailey   | Entered a bailey
 10130 | Bailey   | Learned a level 3 spell: Frozen Ramparts
 10259 | Bailey   | Reached skill level 1 in Ice Magic
 10321 | Bailey   | Found an iron altar of Okawaru.
 10336 | Bailey   | Identified the +0 robe "Heddesin" {rF+ Int+4 Stlth+}
 10685 | D:9      | Reached skill level 10 in Earth Magic
 10705 | D:9      | Reached skill level 5 in Hexes
 10718 | D:9      | Found a staircase to the Orcish Mines.
 11353 | D:10     | Entered Level 10 of the Dungeon
 12064 | D:10     | Learned a level 5 spell: Borgnjor's Vile Clutch
 12773 | D:11     | Noticed a brown ugly thing
 12779 | D:11     | Killed a brown ugly thing
 12780 | D:11     | Reached skill level 1 in Necromancy
 13386 | Orc:1    | Entered Level 1 of the Orcish Mines
 13393 | D:9      | Bought a scroll of identify for 34 gold pieces
 13393 | D:9      | Bought a scroll of identify for 34 gold pieces
 13457 | D:7      | Bought a condenser vane for 1280 gold pieces
 13457 | D:7      | Bought a potion of magic for 256 gold pieces
 13457 | D:7      | Bought a potion of brilliance for 128 gold pieces
 13608 | Orc:1    | Reached XP level 12. HP: 57/59 MP: 17/24
 13851 | Orc:2    | Entered Level 2 of the Orcish Mines
 14114 | Orc:2    | Noticed Saint Roka
 15018 | Orc:1    | Slain by Saint Roka

Illustrated notes

Levels and vault maps discovered:
D:1:      dpeg_arrival_rooms_a, layout_basic, minmay_three_crescents
D:2:      minmay_evil_eye, layout_basic, basic_altar, minmay_cut_off
D:3:      layout_loops_ring, grunt_gozag_statues,
          dreamdust_ecumenical_altar_angels_and_demons, chequers_jeans,
          minmay_goblin_kobold_house, uniq_jessica
D:4:      nicolae_cairo_tiling_large, layout_cave_pods,
          mainiacjoe_overflow_boulevard, xom_redecorated,
          nicolae_dithmenos_shadow_blocks, minmay_misc_feat_plants, uniq_pikel,
          uniq_menkaure
D:5:      layout_basic, mainiacjoe_overflow_alcove_1, minmay_temple_entry_hall,
          lightli_sewer_entry_pipes
D:6:      layout_loops_ring, nzn_wu_jian_council_hall, kennysheep_small_square,
          uniq_edmund
D:7:      layout_loops_ring, eat_drink_and_be_merry_uskayaw,
          nicolae_overflow_hidden_temple, hangedman_abyss_or_decor_passed,
          fountainhead, minmay_misc_feat_columns, hangedman_misty_isle,
          uniq_maggie
D:8:      wad_lake_hut, layout_gridville, vehumet_altar_wand_db,
          fedhas_bush_and_centaur_altar, nemelex_xobeh_ov_fountains_minmay,
          dpeg_lair_monsters, serial_co_window_serial, co_window_cross_1,
          co_window_paths_a, co_window_paths_b, co_window_corner_a,
          co_window_corner_a, co_window_broadway_b, co_window_corner_cb,
          glass_columns_a, glass_columns_b, glass_columns_a, glass_columns_c
D:9:      layout_irregular_city, erik_orc_3, enter_bailey_4, uniq_joseph
D:10:     layout_loops_ring
D:11:     layout_rooms
Orc:1:    layout_caves, basic_altar
Orc:2:    st_orc_elflike, layout_diamond_mine, uniq_saint_roka

Skill      XL: |  1  2  3  4  5  6  7  8  9 10 11 12 |
---------------+-------------------------------------+-----
Transmutations | 1 2 3 4 5 6 7 |  7.1
Earth Magic    | 4 6 7 8 9 10 | 10.6
Dodging        | 2 3 4 5 6 |  6.4
Spellcasting   | 3 4 5 6 7 8 |  8.1
Conjurations   | 2 4 5 6 7 |  7.1
Hexes          | 2 4 5 |  5.6
Ice Magic      | 4 |  4.5
Necromancy     | 1 |  1.9
Stealth        | |  2.1

Action                   |  1- 3 |  4- 6 |  7- 9 | 10-12 || total
-------------------------+-------+-------+-------+-------++-------
Melee: Unarmed           |    19 |       |       |       ||    19
       Dagger            |     6 |    20 |     8 |    22 ||    56
       Mace              |       |       |       |     2 ||     2
Throw: Dart              |       |     2 |     9 |     2 ||    13
       Throwing net      |       |       |       |     1 ||     1
 Cast: Sandblast         |    42 |    54 |   159 |   332 ||   587
       Tukima's Dance    |       |       |     1 |    14 ||    15
       Stone Arrow       |       |       |       |    58 ||    58
       Frozen Ramparts   |       |       |       |     6 ||     6
       Petrify           |       |       |       |     2 ||     2
       Borgnjor's Vile C |       |       |       |     1 ||     1
Invok: Call Merchant     |       |       |       |     2 ||     2
Evoke: Wand              |       |       |     2 |     1 ||     3
       Tin of tremorston |       |       |       |     2 ||     2
  Use: Scroll            |       |       |    10 |     8 ||    18
       Potion            |       |       |     1 |     8 ||     9
 Stab: Sleeping          |       |     2 |     1 |       ||     3
Armor: Robe              |    11 |    24 |    46 |   219 ||   300
Dodge: Dodged            |    24 |    32 |    50 |   216 ||   322

Table legend: (Time is in decaauts)
 A = Elapsed time spent in this place.
 B = Non-inter-level travel time spent in this place.
 C = Inter-level travel time spent in this place.
 D = Time resting spent in this place.
 E = Time spent auto-exploring this place.
 F = Levels seen in this place.
 G = Mean time per level.
                   A        B        C        D        E       F      G
               +--------+--------+--------+--------+--------+-----+--------+
         Total |  15468 |  14804 |    664 |   1965 |  10267 |  15 | 1031.2 |
       Dungeon |  12958 |  12341 |    617 |    940 |   9426 |  11 | 1178.0 |
  Orcish Mines |   1524 |   1478 |     46 |    990 |    253 |   2 |  762.0 |
         Sewer |    600 |    600 |      0 |      0 |    424 |   1 |  600.0 |
        Bailey |    384 |    384 |      0 |     35 |    164 |   1 |  384.0 |
               +--------+--------+--------+--------+--------+-----+--------+

Top non-repeatable levels by time:
     D:7: 1542 daAuts
   Orc:1: 1472 daAuts
     D:9: 1342 daAuts
     D:8: 1328 daAuts
     D:6: 1205 daAuts
     D:4: 1191 daAuts
     D:2: 1190 daAuts
    D:10: 1162 daAuts
     D:5: 1149 daAuts
     D:3: 985 daAuts
     D:1: 980 daAuts
    D:11: 878 daAuts
   Sewer: 600 daAuts
  Bailey: 384 daAuts
   Orc:2: 51 daAuts
